 Dungeon Crawl Stone Soup version 0.27-a0-1278-g6cbc8dfb29 (webtiles) character file.

Game seed: 1183877315042067096

585 sanka the Magician (level 7, -3/53 HPs)
             Began as a Djinni Artificer on June 12, 2021.
             Was an Initiate of Makhleb.
             Slain by a sky beast (5 damage)
             ... on level 5 of the Dungeon.
             The game lasted 00:08:03 (5324 turns).

sanka the Magician (Djinni Artificer)               Turns: 5324, Time: 00:08:04

Health: -3/53      AC:  4    Str: 11    XL:     7   Next: 64%
Gold:   199        EV: 16    Int: 14    God:    Makhleb [......] SH:  0 Dex: 14

rFire    + + .     SeeInvis .   p - +3 flail (protect)
rCold    x . .     Faith    +   (no shield)
rNeg     . . .     Spirit   .   b - +0 leather armour
rPois    ∞         Reflect  .   k - +0 helmet
rElec    .         Harm     .   (no cloak)
rCorr    .         Rampage  .   (no gloves)
Will     .....                  (boots unavailable)
Stlth    +.........             l - amulet of faith
HPRegen  0.17/turn              (no ring)
MPRegen  0.00/turn              s - +4 ring of evasion

@: flying
A: sickness immunity, fire resistance 2, cold vulnerability 1, float, innate
caster, hp casting, extra vitality 1
a: Renounce Religion


You were on level 5 of the Dungeon.
You worshipped Makhleb.
Makhleb was noncommittal.
You visited 2 branches of the dungeon, and saw 6 of its levels.

You collected 199 gold pieces.


Innate Abilities, Weirdness & Mutations

You are immune to sickness and miasma.
You are immune to poison.
Your flesh is very heat resistant. (rF++)
You are vulnerable to cold. (rC-)
You float through the air rather than walking.
You learn spells naturally, not from books.
Your magical power is your life essence.
You have superior vitality. (+4 HP)


   Skills:
 - Level 4.3 Fighting
 - Level 1.0 Armour
 - Level 2.1 Dodging
 - Level 0.7 Stealth
 * Level 4.6 Spellcasting
 - Level 3.0 Evocations


You had 9 spell levels left.
You knew the following spells:

 Your Spells              Type           Power      Damage    Failure   Level
x - Call Imp              Summ           16%        N/A       5%          2
z - Magic Dart            Conj           64%        1d6       3%          1
Z - Conjure Flame         Conj/Fire      16%        6-21      11%         3
Your spell library was empty.

Inventory:

Hand Weapons
 a - a +0 club
 h - a +1 dagger of speed
 n - a +0 long sword
 p - a +3 flail of protection (weapon)
 q - a +2 short sword of draining
Missiles
 A - 7 poisoned darts
Armour
 b - a +0 leather armour (worn)
 k - a +0 helmet (worn)
Magical Staves
 u - a staff of conjuration {!a}
Jewellery
 l - an amulet of faith (around neck)
 s - a +4 ring of evasion (right hand)
Wands
 c - a wand of flame (15) (quivered)
 d - a wand of charming (15)
 t - a wand of polymorph (9)
 y - a wand of digging (4)
Scrolls
 f - 2 scrolls of magic mapping {unknown}
 g - 5 scrolls of identify {unknown}
 i - 2 scrolls of teleportation {unknown}
 m - 2 scrolls of blinking {unknown}
 z - a scroll of summoning {unknown}
Potions
 j - a potion of lignification {unknown}
 o - a potion of degeneration {unknown}
 r - a potion of might {unknown}
 v - a potion of curing {unknown}
 w - a potion of ambrosia {unknown}
 x - a potion of mutation {unknown}
Miscellaneous
 e - a piece from Xom's chessboard (15/15)

Dungeon Overview and Level Annotations

Branches:
Dungeon (5/15)             Temple (1/1) D:4

Altars:
Elyvilon
Gozag
Hepliaklqana
Makhleb
Qazlal
Sif Muna
Uskayaw
Vehumet
Wu Jian
Xom
Yredelemnul
The Shining One

Shops:
D:3 ?   D:4 :

Annotations:
D:4 Pikel

..▒▒... ▒.▒▒...
▒▒▒▒▒▒▒▒▒▒▒▒.▒▒...
..............▒... ▒
▒▒▒▒..).▒▒▒▒.▒... ▒▒'▒▒▒
▒....▒ ▒.▒...
▒.....▒▒▒▒▒....▒▒▒▒.....
▒....5..................
'.....{R.?..............
▒.....▒▒▒▒▒▒▒▒▒▒.....▒▒.
▒▒▒▒▒ ▒......▒.
▒......▒. ▒......▒.
▒......▒. ▒▒▒......▒.
▒........▒. ▒<.........


You could see a friendly crimson imp (summoned).


Message History

Something shocks you.
* * * LOW HITPOINT WARNING * * *
Your crimson imp hits something.
Unknown command.
You miss something. Something hits you but does no damage.
Something hits you but does no damage.
You miss something. Something hits you but does no damage.
Unknown command.
You miss something. Something hits you.
* * * LOW HITPOINT WARNING * * *
Something shocks you.
* * * LOW HITPOINT WARNING * * *
Unknown command.
You closely miss something. Something hits you.
* * * LOW HITPOINT WARNING * * *
Something shocks you.
* * * LOW HITPOINT WARNING * * *
Something hits you.
* * * LOW HITPOINT WARNING * * *
Something shocks you.
* * * LOW HITPOINT WARNING * * *
You miss something. Something hits you.
* * * LOW HITPOINT WARNING * * *
Something shocks you.
You die...

Action                   |  1- 3 |  4- 6 |  7- 9 || total
-------------------------+-------+-------+-------++-------
Melee: Club              |    24 |       |       ||    24
       Dagger            |   137 |   233 |       ||   370
       Flail             |       |    24 |    57 ||    81
 Cast: Call Imp          |       |    13 |    13 ||    26
       Conjure Flame     |       |       |     2 ||     2
 Stab: Sleeping          |     3 |     1 |     1 ||     5
Armor: Leather armour    |    40 |    61 |    18 ||   119
Dodge: Dodged            |    76 |   166 |    52 ||   294

Levels and vault maps discovered:
D:1:      tarquinn_simple_flora_water_e, layout_rooms
D:2:      layout_loops_ring, ebering_ecumenical_altar_abandoned, basic_altar,
          kennysheep_nub, minmay_misc_feat_more_columns
D:3:      layout_loops_cross, nicolae_overflow_crystal_walls,
          gammafunk_temple_overflow_statue, serial_shops, shop,
          minmay_shallow_snake_nest
D:4:      layout_loops_ring, minmay_temple_entry_mini_moons, serial_shops,
          kennysheep_mini, chequers_mini_garden, uniq_pikel, uniq_sigmund
D:5:      layout_basic, uniq_ijyb
Temple:   eino_temple_scatter_basement

Notes
Turn   | Place    | Note
-------+----------+-------------------------------------------
     0 | D:1      | sanka the Djinni Artificer began the quest for the Orb.
     0 | D:1      | Reached XP level 1. HP: 17/17 MP: 0/0
   422 | D:1      | Reached XP level 2. HP: 20/23 MP: 0/0
   430 | D:1      | Reached skill level 2 in Fighting
   952 | D:1      | Reached XP level 3. HP: 29/29 MP: 0/0
   952 | D:1      | Learned a level 1 spell: Magic Dart
  1079 | D:1      | Reached skill level 3 in Fighting
  1148 | D:2      | Found a faded altar of an unknown god.
  1553 | D:2      | Reached XP level 4. HP: 28/35 MP: 0/0
  1877 | D:2      | Reached skill level 4 in Fighting
  2510 | D:3      | Reached XP level 5. HP: 42/42 MP: 0/0
  2510 | D:3      | Learned a level 2 spell: Call Imp
  2620 | D:3      | Reached skill level 1 in Spellcasting
  2921 | D:3      | Found a stormy altar of Qazlal.
  3171 | D:3      | Found Vugoclaa's Magic Scroll Boutique.
  3221 | D:3      | Found an opulent altar of Gozag.
  3221 | D:3      | Found a shimmering altar of Xom.
  3520 | D:4      | Noticed Sigmund
  3761 | D:4      | Killed Sigmund
  3762 | D:4      | Reached skill level 3 in Spellcasting
  3762 | D:4      | Reached XP level 6. HP: 43/48 MP: 0/0
  3875 | D:4      | Found a staircase to the Ecumenical Temple.
  3887 | Temple   | Entered the Ecumenical Temple
  3944 | Temple   | Became a worshipper of Makhleb the Destroyer
  4074 | D:4      | Reached XP level 7. HP: 48/53 MP: 0/0
  4074 | D:4      | Learned a level 3 spell: Conjure Flame
  4225 | D:4      | Reached skill level 4 in Spellcasting
  4584 | D:4      | Found Ydaqav's Book Emporium.
  4613 | D:4      | Noticed Pikel
  5157 | D:5      | Entered Level 5 of the Dungeon
  5323 | D:5      | HP: 3/53 [something (5)]
  5324 | D:5      | Slain by a sky beast

Vanquished Creatures
  Sigmund (D:4)
  A lemure (D:4)
  A bullfrog (D:4)
  A water moccasin zombie (D:5)
  2 hounds
  6 adders
  4 dart slugs
  6 bats
  2 endoplasms
  7 giant cockroaches
  4 goblins
  3 hobgoblins
  7 jackals (D:1)
  4 quokkas
  8 ball pythons
  6 frilled lizards
  9 kobolds
  4 rats
76 creatures vanquished.

Vanquished Creatures (collateral kills)
  A black bear (D:4)
  An ogre (D:4)
  A lemure (D:4)
  An iguana (D:4)
4 creatures vanquished.

Grand Total: 80 creatures vanquished
